[Event "Titled Tuesday Blitz January 31 Late 2023"]
[White "Andreikin, Dmitry"]
[Black "Bjelobrk, Igor"]
[WhiteFideId "4158814"]
[BlackFideId "4300726"]
[WhiteElo "2729"]
[BlackElo "2403"]
[Result "1-0"]
[Round "02"]
[TimeControl "180+2"]
[Date "2023.01.31"]
[WhiteClock "0:01:44"]
[BlackClock "0:00:27"]

1. d4 Nf6 2. c4 e6 3. Nc3 Bb4 4. Qc2 d5 5. cxd5 exd5 6. Bg5 h6 7. Bxf6 Qxf6 8. e3 c6 9. a3 Bxc3+ 10. Qxc3 O-O 11. Ne2 Bf5 12. Ng3 Bg6 13. Be2 Nd7 14. O-O Rfe8 15. b4 a6 16. a4 Rac8 17. Bg4 Rcd8 18. b5 axb5 19. axb5 c5 20. Bxd7 cxd4 21. Qc7 Qe7 22. exd4 Rxd7 23. Qb6 Qd6 24. Qxd6 Rxd6 25. Rfc1 Rb6 26. Rc5 Bd3 27. Rxd5 Rxb5 28. Rd7 Bc4 29. h4 g6 30. Rc1 Be6 31. Rd6 h5 32. Ne4 Kg7 33. Ng5 Bd5 34. Rd7 Rf8 35. Rcc7 Kg8 36. f3 b6 37. Kh2 Ba2 38. Rb7 Rb2 39. Kg3 Rb5 40. Kf4 Bb3 41. Ke3 Ba2 42. Kf2 Bb3 43. Ne4 Ba2 44. Kg3 Be6 45. Rd6 Rb4 46. Nf6+ Kg7 47. Rxe6 1-0


[Site "https://www.chess.com"]

[Event "Titled Tuesday Blitz January 31 Late 2023"]
[White "Duda, Jan-Krzysztof"]
[Black "Real_OceanStorm"]
[WhiteFideId "1170546"]
[WhiteElo "2724"]
[BlackElo "2671"]
[Result "1-0"]
[Round "02"]
[TimeControl "180+2"]
[Date "2023.01.31"]
[WhiteClock "0:00:48"]
[BlackClock "0:00:01"]

1. b4 d5 2. Bb2 Nf6 3. e3 e6 4. a3 Be7 5. c4 O-O 6. Nf3 Nbd7 7. Nc3 c5 8. cxd5 exd5 9. bxc5 Nxc5 10. Be2 Bg4 11. O-O h6 12. a4 Rc8 13. Nd4 Bd7 14. Bf3 Nd3 15. Qb1 Nxb2 16. Qxb2 Bc6 17. a5 Bc5 18. Nxc6 bxc6 19. Rfc1 Bd6 20. d4 Qc7 21. Nxd5 Nxd5 22. Bxd5 Bxh2+ 23. Kh1 Qe7 24. Kxh2 cxd5 25. Kg1 Rxc1+ 26. Rxc1 Rd8 27. Qb5 g6 28. Rc5 Qd6 29. Rc6 Qd7 30. a6 Kf8 31. Qc5+ Kg8 32. Rc7 Qa4 33. Qe7 Rf8 34. Rxa7 Qd1+ 35. Kh2 Qh5+ 36. Kg3 Qe2 37. Qd6 h5 38. Qf6 Qg4+ 39. Kh2 Qe2 40. Rb7 Qa2 41. a7 1-0


[Site "https://www.chess.com"]

[Event "Titled Tuesday Blitz January 31 Late 2023"]
[White "Caruana, Fabiano"]
[Black "Maximov, Dmitry"]
[WhiteFideId "2020009"]
[BlackFideId "14105659"]
[WhiteElo "2764"]
[BlackElo "2497"]
[Result "0-1"]
[Round "02"]
[TimeControl "180+2"]
[Date "2023.01.31"]
[WhiteClock "0:00:02"]
[BlackClock "0:00:11"]

1. c4 Nf6 2. Nc3 g6 3. e4 d6 4. d4 Bg7 5. Nge2 O-O 6. h3 e5 7. d5 c6 8. g4 cxd5 9. cxd5 a6 10. Ng3 b5 11. Be3 b4 12. Na4 Nbd7 13. Be2 a5 14. Rc1 Ne8 15. h4 Rb8 16. Qd2 f5 17. gxf5 gxf5 18. Nxf5 Rxf5 19. exf5 Ndf6 20. Rg1 Bxf5 21. Bh6 Ne4 22. Bxg7 Nxg7 23. Qh6 Bg6 24. Rc4 Qf8 25. Rg2 Rc8 26. Nb6 Rxc4 27. Nxc4 Qf6 28. Ne3 a4 29. Ng4 Qf5 30. Qe3 Qc8 31. Nh6+ Kh8 32. Bd3 a3 33. bxa3 Qc3+ 34. Ke2 Qb2+ 35. Kf3 Nd2+ 36. Kg3 e4 37. Be2 Qe5+ 38. Qf4 Nf1+ 39. Bxf1 Nh5+ 40. Kg4 Qxf4+ 41. Kh3 Qf3+ 42. Kh2 Nf4 43. Rg3 Qxf2+ 44. Bg2 e3 45. Ng4 Qd2 46. Nxe3 bxa3 47. Nc4 Qxa2 48. Nxd6 Qb2 49. Nc4 Qd4 50. Nxa3 Nxg2 51. Kxg2 Qb2+ 52. Kg1 Qc1+ 53. Kf2 Qd2+ 54. Kg1 Qxd5 55. Kh2 Qd2+ 56. Kg1 Qd4+ 57. Kg2 Qxh4 58. Nb5 Be4+ 59. Kf2 Qh2+ 0-1


[Site "https://www.chess.com"]

[Event "Titled Tuesday Blitz January 31 Late 2023"]
[White "Jobava, Baadur"]
[Black "Akobian, Varuzhan"]
[WhiteFideId "13601520"]
[BlackFideId "13300580"]
[WhiteElo "2578"]
[BlackElo "2591"]
[Result "0-1"]
[Round "02"]
[TimeControl "180+2"]
[Date "2023.01.31"]
[WhiteClock "0:01:39"]
[BlackClock "0:00:35"]

1. b3 d5 2. Bb2 Nf6 3. d3 c5 4. Nd2 Nc6 5. e4 Bg4 6. Be2 Bxe2 7. Qxe2 e6 8. Ngf3 Be7 9. exd5 Qxd5 10. O-O O-O 11. Rfe1 Rfd8 12. a4 Rac8 13. Nc4 b6 14. h3 h6 15. Ne3 Qd7 16. Nc4 Qd5 17. Rad1 Nd4 18. Nxd4 cxd4 19. Qd2 Rd7 20. Re5 Qb7 21. Rb5 Nd5 22. Bxd4 a6 23. Rxd5 Rxd5 24. Bxb6 Rxc4 25. bxc4 Rg5 26. f4 Qxb6+ 27. d4 Rf5 28. g4 Ra5 29. c5 Qc7 30. Qb4 Rxc5 0-1


[Site "https://www.chess.com"]

[Event "Titled Tuesday Blitz January 31 Late 2023"]
[White "Pranav, V"]
[Black "Darini, Pouria"]
[WhiteFideId "25060783"]
[BlackFideId "12502200"]
[WhiteElo "2597"]
[BlackElo "2401"]
[Result "1-0"]
[Round "02"]
[TimeControl "180+2"]
[Date "2023.01.31"]
[WhiteClock "0:00:17"]
[BlackClock "0:00:10"]

1. e4 e5 2. Nf3 Nc6 3. Bb5 Nf6 4. d3 Bc5 5. O-O Nd4 6. Nxd4 Bxd4 7. c3 Bb6 8. Na3 c6 9. Ba4 O-O 10. Bg5 h6 11. Bh4 d6 12. Nc4 Bc7 13. Bb3 g5 14. Bg3 Bg4 15. f3 Be6 16. Ne3 Nh5 17. Bf2 d5 18. g3 Nf6 19. Qe2 Re8 20. Rad1 a5 21. Ng2 a4 22. Bc2 a3 23. b3 d4 24. cxd4 exd4 25. h4 Ra5 26. hxg5 hxg5 27. Qd2 Nh5 28. b4 Ra8 29. f4 gxf4 30. gxf4 Bg4 31. Rde1 Re6 32. Bh4 Qd6 33. e5 Qf8 34. Bb3 Qg7 35. Bxe6 fxe6 36. Qf2 Bd8 37. Bxd8 Rxd8 38. Qh4 Rf8 39. Rf2 Qg6 40. Re4 Bf5 41. Rxd4 Rf7 42. Qd8+ Kh7 43. Rd7 Ng7 44. Rxf7 Qxf7 45. Ne3 Qg6+ 46. Rg2 Qh6 47. Qg5 Qxg5 48. Rxg5 Bxd3 49. Rg3 Bb1 50. Ng4 Nf5 51. Rxa3 Be4 52. Nf6+ Kg6 53. Nxe4 Nd4 54. Nc5 Kf5 55. Nxb7 Ne2+ 56. Kf2 Nd4 57. Nc5 Nc2 58. Rb3 Nd4 59. a4 Kxf4 60. a5 Kxe5 61. a6 Nxb3 62. Nxb3 Kd6 63. a7 c5 1-0


[Site "https://www.chess.com"]

[Event "Titled Tuesday Blitz January 31 Late 2023"]
[White "Tan, Zhongyi"]
[Black "Martinez Alcantara, Jose Eduardo"]
[WhiteFideId "8603642"]
[BlackFideId "3805662"]
[WhiteElo "2517"]
[BlackElo "2619"]
[Result "1-0"]
[Round "02"]
[TimeControl "180+2"]
[Date "2023.01.31"]
[WhiteClock "0:00:12"]
[BlackClock "0:00:10"]

1. d4 Nf6 2. c4 e6 3. Nc3 Bb4 4. e3 O-O 5. Bd3 d6 6. Ne2 c5 7. O-O Nc6 8. a3 Bxc3 9. Nxc3 cxd4 10. exd4 d5 11. c5 h6 12. Bc2 e5 13. dxe5 Nxe5 14. Re1 Re8 15. Nb5 Bg4 16. Qd2 Nc4 17. Qc3 Qd7 18. Nd4 Rxe1+ 19. Qxe1 Re8 20. Qf1 Qc7 21. h3 Bd7 22. b4 b6 23. cxb6 Qxb6 24. Nb3 Bb5 25. Bd3 Ne4 26. Bb2 Bd7 27. Bd4 Qg6 28. Nc5 Bf5 29. Nxe4 Bxe4 30. Bxe4 Rxe4 31. Rd1 a6 32. f3 Re6 33. Bf2 Ne5 34. Kh1 Nc4 35. Qd3 Qxd3 36. Rxd3 Re2 37. Bc5 Ra2 38. Rxd5 Nxa3 39. Rd8+ Kh7 40. Rd7 Kg8 41. Rd8+ Kh7 42. Rd7 f5 43. Bd4 Kg8 44. Rxg7+ Kf8 45. Rg6 Nb5 46. Bc5+ Kf7 47. Rxh6 Nc3 48. Rh7+ Kg6 49. Ra7 Ne2 50. Kh2 f4 51. h4 Ng3 52. Kh3 Nh5 53. b5 Ra1 54. Rxa6+ Rxa6 55. bxa6 Ng7 56. a7 Ne6 57. a8=Q Nxc5 58. Qc6+ Kf5 59. Qxc5+ Kf6 60. Qd5 Kg6 61. Qe4+ Kh5 62. Qxf4 Kg6 63. Qg5+ Kh7 64. h5 Kh8 65. h6 Kh7 66. Qg7# 1-0


[Site "https://www.chess.com"]

[Event "Titled Tuesday Blitz January 31 Late 2023"]
[White "Nigmatov, Ortik"]
[Black "Deac, Bogdan-Daniel"]
[WhiteFideId "14202131"]
[BlackFideId "1226380"]
[WhiteElo "2438"]
[BlackElo "2700"]
[Result "0-1"]
[Round "02"]
[TimeControl "180+2"]
[Date "2023.01.31"]
[WhiteClock "0:00:14"]
[BlackClock "0:00:08"]

1. e4 c6 2. d4 d5 3. e5 Bf5 4. Nf3 e6 5. Be2 Ne7 6. O-O Nd7 7. a4 Ng6 8. a5 a6 9. Ne1 h5 10. c3 c5 11. Nc2 cxd4 12. cxd4 Ne7 13. Ne3 Bg6 14. Nc3 h4 15. h3 Nc6 16. f4 Nxd4 17. Qxd4 Bc5 18. Qd1 d4 19. Na4 dxe3 20. Nxc5 Nxc5 21. Bxe3 Qxd1 22. Rfxd1 Ne4 23. Rac1 O-O 24. Rc7 Rab8 25. Rdd7 Ng3 26. Bf3 Be4 27. b4 Rfc8 28. Bb6 Rxc7 29. Bxc7 Rc8 30. Kf2 Bc6 31. Bxc6 bxc6 32. Bb6 c5 33. bxc5 Ne4+ 34. Kf3 Nxc5 35. Ra7 Nb3 36. Rxa6 Rc3+ 37. Kg4 Rg3+ 38. Kxh4 Rxg2 39. Ra8+ Kh7 40. Rd8 Ra2 41. Rd3 Nxa5 42. Bxa5 Rxa5 43. Kg4 Kg6 44. h4 Ra1 45. h5+ Kh6 46. Rd8 Rg1+ 47. Kh4 Rh1+ 48. Kg4 f5+ 49. exf6 gxf6 50. Rh8+ Kg7 51. Rd8 f5+ 52. Kg5 Rg1+ 53. Kh4 Rg4+ 54. Kh3 Rxf4 55. Rd7+ Kh6 56. Re7 Re4 57. Kg3 Kxh5 58. Kf3 Kg5 59. Re8 Kf6 60. Ra8 Rb4 61. Ra4 Rxa4 0-1


[Site "https://www.chess.com"]

[Event "Titled Tuesday Blitz January 31 Late 2023"]
[White "Salem, A.R. Saleh"]
[Black "Perske, Thore"]
[WhiteFideId "9301348"]
[BlackFideId "12902195"]
[WhiteElo "2677"]
[BlackElo "2448"]
[Result "1-0"]
[Round "02"]
[TimeControl "180+2"]
[Date "2023.01.31"]
[WhiteClock "0:01:05"]
[BlackClock "0:00:05"]

1. d4 Nf6 2. c4 g6 3. Nc3 Bg7 4. e4 d6 5. h3 O-O 6. Be3 Na6 7. Bd3 c5 8. d5 e6 9. Nf3 e5 10. g4 Nc7 11. Qd2 a6 12. a4 Rb8 13. Rb1 Bd7 14. b4 b6 15. Kf1 Qc8 16. Nh4 Qe8 17. a5 cxb4 18. Rxb4 bxa5 19. Rb6 Qe7 20. Nf3 Rxb6 21. Bxb6 Rc8 22. Bxa5 Be8 23. Qb2 Na8 24. Kg2 Qa7 25. Rb1 Nd7 26. Na4 Bf6 27. Qb7 Qxb7 28. Rxb7 Bd8 29. Bb4 Rc7 30. Rxc7 Bxc7 31. c5 dxc5 32. Nxc5 Nxc5 33. Bxc5 f6 34. Bxa6 Bb6 35. Be7 Kf7 36. d6 Bd7 37. g5 Be6 38. gxf6 Bc5 39. Ng5+ 1-0


[Site "https://www.chess.com"]

[Event "Titled Tuesday Blitz January 31 Late 2023"]
[White "Petkov, Momchil"]
[Black "Bluebaum, Matthias"]
[WhiteFideId "2921642"]
[BlackFideId "24651516"]
[WhiteElo "2522"]
[BlackElo "2669"]
[Result "1-0"]
[Round "02"]
[TimeControl "180+2"]
[Date "2023.01.31"]
[WhiteClock "0:00:15"]
[BlackClock "0:00:03"]

1. d4 d5 2. Nf3 e6 3. Bf4 c5 4. e3 Nc6 5. Nbd2 Bd6 6. Bg3 Bxg3 7. hxg3 Qb6 8. dxc5 Qxb2 9. Rb1 Qc3 10. Bb5 Qxc5 11. c4 Nf6 12. O-O O-O 13. Nb3 Qe7 14. cxd5 exd5 15. Rc1 Ne5 16. Nxe5 Qxe5 17. Qd4 Qh5 18. Qh4 Qxh4 19. gxh4 Bf5 20. Nd4 Be6 21. Rc7 a6 22. Bd3 b5 23. a4 bxa4 24. Ra1 Bd7 25. Bc2 Rfc8 26. Rxc8+ Rxc8 27. Bxa4 Ra8 28. Bxd7 Nxd7 29. Ra5 Nb6 30. Nc6 h6 31. Nb4 Nc4 32. Rxa6 Rxa6 33. Nxa6 Nd6 34. Nb4 Nf5 35. g3 Ne7 36. Kf1 f5 37. Ke2 Kf7 38. Kd3 Ke6 39. Kd4 Kd6 40. h5 Ke6 41. Kc5 Ke5 42. f3 Ke6 43. Nd3 Ng8 44. Nf4+ Ke5 45. Nxd5 Ke6 46. Kd4 Kd6 47. e4 fxe4 48. fxe4 Ke6 49. e5 Kf5 50. Ne3+ Kg5 51. g4 Ne7 52. Nf5 Nc6+ 53. Kd5 Nb4+ 54. Kd6 1-0


[Site "https://www.chess.com"]

[Event "Titled Tuesday Blitz January 31 Late 2023"]
[White "Indjic, Aleksandar"]
[Black "Oro, Faustino"]
[WhiteFideId "911925"]
[BlackFideId "20000197"]
[WhiteElo "2618"]
[BlackElo "2269"]
[Result "1-0"]
[Round "02"]
[TimeControl "180+2"]
[Date "2023.01.31"]
[WhiteClock "0:00:32"]
[BlackClock "0:00:13"]

1. d4 Nf6 2. Nf3 e6 3. Bg5 Be7 4. Nbd2 d5 5. c3 O-O 6. e3 Ne4 7. Bf4 c5 8. Bd3 f5 9. h4 Nc6 10. Qb1 Bf6 11. a3 Qe7 12. Qa2 Nxd2 13. Kxd2 c4 14. Be2 e5 15. dxe5 Nxe5 16. Bxe5 Bxe5 17. Nxe5 Qxe5 18. g3 Bd7 19. Bd1 Bc6 20. Re1 Rad8 21. Bc2 b5 22. a4 b4 23. cxb4 d4 24. Qxc4+ Bd5 25. exd4 Qxe1+ 26. Rxe1 Bxc4 27. Kc3 Bd5 28. Re5 Be4 29. Bb3+ Kh8 30. Rc5 h6 31. Be6 f4 32. g4 Rf6 33. d5 Bf3 34. b5 g5 35. hxg5 hxg5 36. a5 Be2 37. Rc7 Bxb5 38. Rxa7 Rd6 39. Kb4 Be2 40. Kc5 Rfxe6 41. dxe6 Rxe6 42. b4 Re5+ 43. Kd4 Rb5 44. Kc3 Bxg4 45. a6 Bf3 46. Rf7 Kg8 47. Re7 g4 48. a7 Kf8 49. Rd7 Ke8 50. Rg7 Rb6 51. Rxg4 Ra6 52. Rg7 Kf8 53. Rh7 Kg8 54. Rd7 Rc6+ 55. Kd4 Rc8 56. b5 Ra8 57. b6 1-0


[Site "https://www.chess.com"]

[Event "Titled Tuesday Blitz January 31 Late 2023"]
[White "Hakobyan, Aram"]
[Black "McCoy, Owen"]
[WhiteFideId "13306677"]
[BlackFideId "30924502"]
[WhiteElo "2608"]
[BlackElo "2085"]
[Result "1-0"]
[Round "02"]
[TimeControl "180+2"]
[Date "2023.01.31"]
[WhiteClock "0:02:41"]
[BlackClock "0:01:52"]

1. Nf3 Nf6 2. c4 e6 3. g3 b6 4. Bg2 Bb7 5. O-O c5 6. Nc3 Be7 7. Re1 O-O 8. e4 d6 9. d4 cxd4 10. Nxd4 Qc8 11. Bf4 Rd8 12. Rc1 Bf8 13. Nd5 exd5 14. cxd5 Qg4 15. Bf3 Qh3 16. Bg5 Nbd7 17. Bg2 Qh5 18. Qxh5 Nxh5 19. Bxd8 Rxd8 20. Rc7 Bc8 21. Nc6 Re8 22. Nxa7 1-0


[Site "https://www.chess.com"]

[Event "Titled Tuesday Blitz January 31 Late 2023"]
[White "Vlassov, Nikolai"]
[Black "Sanal, Vahap"]
[WhiteFideId "4103360"]
[BlackFideId "6300545"]
[WhiteElo "2283"]
[BlackElo "2600"]
[Result "0-1"]
[Round "02"]
[TimeControl "180+2"]
[Date "2023.01.31"]
[WhiteClock "0:00:15"]
[BlackClock "0:00:52"]

1. e4 c5 2. c3 e6 3. d4 d5 4. exd5 exd5 5. Nf3 c4 6. b3 cxb3 7. Qxb3 Nf6 8. c4 Nc6 9. cxd5 Nxd5 10. Bc4 Bb4+ 11. Bd2 Bxd2+ 12. Nbxd2 Nce7 13. Bb5+ Bd7 14. Ne5 Bc6 15. O-O O-O 16. Bxc6 bxc6 17. Rac1 Rb8 18. Qa4 Nf4 19. Rfe1 Neg6 20. Ndf3 Nxe5 21. Nxe5 Qg5 22. g3 Ne2+ 23. Rxe2 Qxc1+ 24. Kg2 Rb1 25. Re3 Qf1+ 26. Kf3 Rb2 27. Nd3 Qh1+ 28. Kg4 Rb5 29. Ne5 Qxh2 30. Qxa7 Qxf2 31. Rf3 Qe2 32. Qe7 f5+ 33. Kg5 Rxe5 34. dxe5 Qxf3 0-1


[Site "https://www.chess.com"]

[Event "Titled Tuesday Blitz January 31 Late 2023"]
[White "Taspinar, Yanki"]
[Black "Makhnev, Denis"]
[WhiteFideId "34561188"]
[BlackFideId "13707647"]
[WhiteElo "2262"]
[BlackElo "2483"]
[Result "1-0"]
[Round "02"]
[TimeControl "180+2"]
[Date "2023.01.31"]
[WhiteClock "0:00:07"]
[BlackClock "0:00:43"]

1. Nf3 d5 2. d4 Nf6 3. g3 e6 4. Bg2 b5 5. O-O Bb7 6. a4 b4 7. c4 bxc3 8. bxc3 Nbd7 9. Ba3 Bd6 10. Nbd2 O-O 11. c4 Bxa3 12. Rxa3 c5 13. cxd5 Bxd5 14. Qa1 Qe7 15. dxc5 Nxc5 16. a5 Rfd8 17. Rc1 h6 18. Rac3 Nce4 19. Rc7 Rd7 20. Rxd7 Qxd7 21. Ne5 Qb5 22. Nxe4 Bxe4 23. Bxe4 Nxe4 24. Rc7 Rf8 25. Nd3 a6 26. h4 Rd8 27. Qe5 Qxe5 28. Nxe5 f6 29. Nd3 Rd5 30. Nf4 Rd6 31. Nh5 g5 32. f3 Rd1+ 33. Kg2 Nd6 34. Nxf6+ Kf8 35. hxg5 hxg5 36. Nh7+ Ke8 37. Nxg5 Rd2 38. Kf2 Rd5 39. Nxe6 Rxa5 40. g4 Nf7 41. f4 Ra1 42. f5 Ra4 43. f6 1-0


[Site "https://www.chess.com"]

[Event "Titled Tuesday Blitz January 31 Late 2023"]
[White "Bok, Benjamin"]
[Black "Gubajdullin, Alexei"]
[WhiteFideId "1017063"]
[BlackFideId "4141202"]
[WhiteElo "2607"]
[BlackElo "2285"]
[Result "0-1"]
[Round "02"]
[TimeControl "180+2"]
[Date "2023.01.31"]
[WhiteClock "0:00:05"]
[BlackClock "0:01:36"]

1. d4 Nf6 2. c4 g6 3. g3 Bg7 4. Bg2 O-O 5. Nc3 d6 6. Nf3 Nc6 7. O-O a6 8. b3 Rb8 9. d5 Na5 10. Bg5 c5 11. dxc6 bxc6 12. Rc1 h6 13. Be3 c5 14. Nd5 Nxd5 15. cxd5 Bf5 16. Qd2 Kh7 17. Rfe1 Rb4 18. h4 Qb8 19. Bf4 c4 20. e4 Bg4 21. e5 cxb3 22. a3 Ra4 23. exd6 exd6 24. Nh2 Bf5 25. Bf1 b2 26. Rb1 Bxb1 27. Rxb1 Nc4 28. Bxc4 Rxc4 29. h5 Rfc8 30. hxg6+ fxg6 31. Kg2 Rc1 32. Qd3 Qb5 33. Qe4 Re8 34. Rxc1 Rxe4 0-1


[Site "https://www.chess.com"]

[Event "Titled Tuesday Blitz January 31 Late 2023"]
[White "Kanakaris, Georgios"]
[Black "Terry, Renato"]
[WhiteFideId "4209460"]
[BlackFideId "3803457"]
[WhiteElo "2391"]
[BlackElo "2520"]
[Result "1-0"]
[Round "02"]
[TimeControl "180+2"]
[Date "2023.01.31"]
[WhiteClock "0:00:07"]
[BlackClock "0:00:04"]

1. Nf3 d5 2. g3 Nf6 3. Bg2 c6 4. O-O Bg4 5. Ne5 Bf5 6. c4 Nbd7 7. d4 e6 8. Nc3 Be7 9. Bf4 O-O 10. Qb3 Qb6 11. Nxd7 Nxd7 12. Qxb6 Nxb6 13. c5 Nd7 14. e4 dxe4 15. Bxe4 Bh3 16. Rfd1 Nf6 17. Bf3 Rfd8 18. b4 Bg4 19. Kg2 Rd7 20. a4 Rad8 21. Be3 Bxf3+ 22. Kxf3 Nd5 23. Nxd5 Rxd5 24. Ra2 f5 25. h4 Kf7 26. Rad2 Bf6 27. Ke2 e5 28. dxe5 Rxd2+ 29. Rxd2 Rxd2+ 30. Bxd2 Bxe5 31. Kd3 g6 32. f4 Bc7 33. Bc3 h6 34. Kc4 g5 35. hxg5 hxg5 36. Bd2 Kg6 37. Kd4 Kh5 38. b5 Kg6 39. bxc6 bxc6 40. Bc1 Kh5 41. Bd2 Kg6 42. Bc1 g4 43. Bd2 Kf6 44. Kc4 Ke6 45. Bc3 Bd8 46. a5 a6 47. Bd2 Be7 48. Be3 Kf7 49. Bd4 Kg6 50. Be5 Kh5 51. Bc7 Bh4 52. gxh4 g3 53. Be5 Kxh4 54. Bd4 Kg4 55. Be3 Kf3 56. Kd3 g2 57. Bg1 Kxf4 58. Ke2 Kg3 59. Ke3 f4+ 60. Ke4 Kg4 61. Bf2 f3 62. Ke3 Kf5 63. Kxf3 Ke5 64. Kxg2 Kd5 65. Kf3 Kc4 66. Ke4 Kb4 67. Kd4 Kxa5 68. Ke5 Kb5 69. Kd6 a5 70. Bd4 a4 71. Bb2 Kb4 72. Kxc6 Kb3 73. Bg7 a3 74. Kb6 a2 75. c6 1-0


[Site "https://www.chess.com"]

[Event "Titled Tuesday Blitz January 31 Late 2023"]
[White "Tang, Andrew"]
[Black "Koellner, Ruben Gideon"]
[WhiteFideId "2059630"]
[BlackFideId "12993093"]
[WhiteElo "2523"]
[BlackElo "2426"]
[Result "1-0"]
[Round "02"]
[TimeControl "180+2"]
[Date "2023.01.31"]
[WhiteClock "0:00:08"]
[BlackClock "0:00:05"]

1. d4 d5 2. Bf4 Nf6 3. e3 c5 4. Nc3 a6 5. dxc5 Nc6 6. a3 e5 7. Bg5 d4 8. Ne4 Bf5 9. Bd3 Bxe4 10. Bxe4 Bxc5 11. b4 Be7 12. Bxf6 Bxf6 13. Qf3 O-O 14. Ne2 Rc8 15. O-O g6 16. Rad1 Bg7 17. c3 f5 18. Bd5+ Kh8 19. Bxc6 Rxc6 20. cxd4 Qe7 21. dxe5 Bxe5 22. Nf4 Bxf4 23. Qxf4 Qc7 24. Qd4+ Qg7 25. Qd5 Rfc8 26. g3 h6 27. Rd3 Kh7 28. Rfd1 R8c7 29. h4 h5 30. Kg2 Rc2 31. Qf3 Qe7 32. Rd8 R2c6 33. R1d4 Qf7 34. Qf4 Qg7 35. R4d5 Rc4 36. Qf3 Qe7 37. Qd1 Qe4+ 38. Kh2 Rc1 39. R5d7+ 1-0


[Site "https://www.chess.com"]

[Event "Titled Tuesday Blitz January 31 Late 2023"]
[White "Kozak, Adam"]
[Black "EREBUNI91"]
[WhiteFideId "753246"]
[WhiteElo "2572"]
[BlackElo "2685"]
[Result "1-0"]
[Round "02"]
[TimeControl "180+2"]
[Date "2023.01.31"]
[WhiteClock "0:01:19"]
[BlackClock "0:00:12"]

1. c4 e5 2. Nc3 Bb4 3. Nf3 Bxc3 4. dxc3 d6 5. c5 e4 6. Qa4+ Nc6 7. Qxe4+ Nge7 8. cxd6 Qxd6 9. Bf4 Qc5 10. e3 Bf5 11. Qa4 O-O-O 12. Be2 f6 13. Nd4 Bd7 14. Qb5 Qxb5 15. Nxb5 Nd5 16. Bg3 a6 17. Nd4 h5 18. h4 Ne5 19. O-O-O Ng4 20. e4 Nb6 21. f3 Ne5 22. Nc2 Be6 23. b3 a5 24. Ne3 a4 25. Kc2 c6 26. Rd4 c5 27. Rxd8+ Rxd8 28. Rd1 axb3+ 29. axb3 Rxd1 30. Bxd1 c4 31. b4 g6 32. Be2 Kd7 33. Kd2 Kc6 34. Nc2 Bf7 35. Nd4+ Kd7 36. Bf2 Nc8 37. Nc2 Nd6 38. Bd4 b5 39. Bf2 Ke7 40. Bg3 Be6 41. Nd4 Bd7 42. Ke3 Nc6 43. Nxc6+ Bxc6 44. Kd4 f5 45. Kc5 Nxe4+ 46. fxe4 Bxe4 47. Bf3 1-0


[Site "https://www.chess.com"]

[Event "Titled Tuesday Blitz January 31 Late 2023"]
[White "Rostomyan, Mikayel"]
[Black "Abdrlauf, Elham"]
[WhiteFideId "13313754"]
[BlackFideId "1533533"]
[WhiteElo "2222"]
[BlackElo "2518"]
[Result "1/2-1/2"]
[Round "02"]
[TimeControl "180+2"]
[Date "2023.01.31"]
[WhiteClock "0:00:04"]
[BlackClock "0:00:02"]

1. d4 Nf6 2. Nf3 d5 3. c4 e6 4. g3 dxc4 5. Bg2 c5 6. O-O Nc6 7. dxc5 Qxd1 8. Rxd1 Bxc5 9. Nbd2 c3 10. bxc3 O-O 11. Nb3 Be7 12. c4 Bd7 13. Be3 Rac8 14. Bc5 b6 15. Bxe7 Nxe7 16. Ne5 Ba4 17. Rac1 Ng6 18. Nd3 e5 19. Nb4 Rfd8 20. Nd5 Nxd5 21. cxd5 Kf8 22. e4 Ne7 23. f4 Ng6 24. f5 Ne7 25. Bf1 Rxc1 26. Rxc1 Nc8 27. Rc7 Nd6 28. Bd3 Rd7 29. Rxd7 Bxd7 30. Kf2 a5 31. Ke3 Ke7 32. g4 h6 33. h4 a4 34. Nd2 b5 35. a3 g6 36. Nf3 gxf5 37. gxf5 f6 38. Ne1 Nb7 39. Nc2 Kd6 40. Nb4 Kc5 41. Na6+ Kb6 42. Nb4 Nc5 43. Be2 Ka5 44. Bh5 Kb6 45. Be2 Be8 46. d6 Bd7 47. Nd5+ Kc6 48. Nxf6 Kxd6 49. Nxd7 Kxd7 50. Bxb5+ Ke7 51. Bc6 Kd6 52. Bb5 Ke7 53. Kf3 Kf6 54. Bc6 Kf7 55. Kg4 Kg7 56. Kf3 Kf6 57. Ke3 Ke7 58. Kd2 Kd6 59. Bd5 Nd7 60. Kc3 Kc5 61. Be6 Nf6 62. Bd5 Nxd5+ 63. exd5 Kxd5 64. Kd3 e4+ 65. Ke3 Ke5 66. f6 Kxf6 67. Kxe4 Ke6 68. Kf4 Kf6 69. Ke4 Ke6 70. Kf4 Kf6 71. h5 Ke6 72. Ke4 Kf6 73. Kf4 Ke6 74. Ke4 Kf6 75. Kf4 1/2-1/2


[Site "https://www.chess.com"]

[Event "Titled Tuesday Blitz January 31 Late 2023"]
[White "Dominguez Perez, Leinier"]
[Black "Klose, Eli"]
[WhiteFideId "3503240"]
[BlackFideId "16242955"]
[WhiteElo "2739"]
[BlackElo "1519"]
[Result "1-0"]
[Round "02"]
[TimeControl "180+2"]
[Date "2023.01.31"]
[WhiteClock "0:00:48"]
[BlackClock "0:00:15"]

1. d4 Nf6 2. Nf3 c5 3. e3 b6 4. Bd3 Ba6 5. c4 e6 6. Nc3 Be7 7. O-O O-O 8. d5 exd5 9. cxd5 Bxd3 10. Qxd3 d6 11. e4 Nbd7 12. h3 a6 13. a4 Ne8 14. Bf4 Bf6 15. Rfe1 Qe7 16. Nd2 Be5 17. Be3 Nc7 18. f4 Bxc3 19. bxc3 f6 20. Bf2 b5 21. Nf1 Rfe8 22. Ng3 g6 23. a5 Rab8 24. Rab1 Qf7 25. Re2 f5 26. exf5 Qxd5 27. Qc2 Rxe2 28. Qxe2 Re8 29. Qc2 gxf5 30. Rd1 Qe6 31. Nxf5 d5 32. Rd3 Kh8 33. Re3 Qf7 34. Nd6 Rxe3 35. Nxf7+ 1-0


[Site "https://www.chess.com"]

[Event "Titled Tuesday Blitz January 31 Late 2023"]
[White "Svane, Rasmus"]
[Black "Chan, Luis"]
[WhiteFideId "4657101"]
[BlackFideId "3216357"]
[WhiteElo "2623"]
[BlackElo "2208"]
[Result "1-0"]
[Round "02"]
[TimeControl "180+2"]
[Date "2023.01.31"]
[WhiteClock "0:01:25"]
[BlackClock "0:01:03"]

1. Nf3 d5 2. g3 Bg4 3. Bg2 Nd7 4. O-O c6 5. h3 Bh5 6. d4 Ngf6 7. c4 e6 8. cxd5 cxd5 9. Qb3 Qb6 10. Nc3 Bd6 11. e4 dxe4 12. Ng5 Qxd4 13. Ngxe4 Nxe4 14. Nxe4 Nc5 15. Qb5+ Ke7 16. Be3 Qa4 17. Nxd6 Qxb5 18. Nxb5 1-0


[Site "https://www.chess.com"]

[Event "Titled Tuesday Blitz January 31 Late 2023"]
[White "Rasulov, Vugar"]
[Black "Tatarinov, Dmitry"]
[WhiteFideId "13402390"]
[BlackFideId "24160067"]
[WhiteElo "2523"]
[BlackElo "2310"]
[Result "1-0"]
[Round "02"]
[TimeControl "180+2"]
[Date "2023.01.31"]
[WhiteClock "0:02:14"]
[BlackClock "0:01:42"]

1. Nf3 d5 2. c4 e6 3. g3 Nf6 4. Bg2 Be7 5. O-O O-O 6. b3 c5 7. cxd5 exd5 8. d4 Nc6 9. Bb2 cxd4 10. Nxd4 Re8 11. Nd2 Bc5 12. N2f3 Bb6 13. Rc1 Bd7 14. Nxc6 bxc6 15. Ne5 Rc8 16. Qd3 Qe7 17. e3 Ne4 18. Bxe4 1-0


[Site "https://www.chess.com"]

[Event "Titled Tuesday Blitz January 31 Late 2023"]
[White "Carnicelli, Valerio"]
[Black "Babazada, Khazar"]
[WhiteFideId "856185"]
[BlackFideId "13413554"]
[WhiteElo "2370"]
[BlackElo "2474"]
[Result "0-1"]
[Round "02"]
[TimeControl "180+2"]
[Date "2023.01.31"]
[WhiteClock "0:00:02"]
[BlackClock "0:00:06"]

1. e4 Nf6 2. e5 Nd5 3. d4 d6 4. c4 Nb6 5. exd6 cxd6 6. Nc3 g6 7. h3 Bg7 8. Nf3 O-O 9. Be2 Bf5 10. O-O Nc6 11. b3 d5 12. c5 Nc8 13. Be3 e6 14. a3 N8e7 15. b4 a6 16. Qd2 Be4 17. Ng5 Nf5 18. Ngxe4 dxe4 19. Nxe4 Ncxd4 20. Rad1 Qc7 21. Nd6 Rfd8 22. Bxd4 Nxd4 23. Bc4 b6 24. Qf4 bxc5 25. bxc5 Qxc5 26. Qxf7+ Kh8 27. Nb7 Qxc4 28. Nxd8 Rxd8 29. Rfe1 Rf8 30. Qa7 Qc2 31. Rf1 Qc4 32. Qe7 e5 33. Rb1 Nf5 34. Qa7 Qc6 35. Rfc1 Qe4 36. Re1 Qd5 37. Red1 Nd4 38. Rf1 Nb5 39. Qxa6 Nc3 40. Rb7 e4 41. Qa7 Qe5 42. Re7 Qf6 43. Rc7 Ne2+ 44. Kh1 Nd4 45. Rd7 e3 46. f3 e2 47. Re1 Re8 48. Kh2 Qe5+ 49. Kh1 Nf5 50. Rd2 Ng3+ 51. Kg1 Qc3 52. Qd7 Rf8 53. Kh2 Be5 54. Rd3 Nf5+ 55. f4 Bxf4+ 56. g3 Bxg3+ 57. Rxg3 Qxg3+ 58. Kh1 Qxe1+ 59. Kg2 Qf1+ 60. Kh2 Qf2+ 61. Kh1 e1=Q# 0-1


[Site "https://www.chess.com"]